 Dungeon Crawl Stone Soup version 0.18.1-48-g4cf74bf (webtiles) character file.

800 Alarkh the Bolt Thrower (level 7, -3/50 HPs)
             Began as a Mummy Hunter on Sept 8, 2016.
             Slain by a scorpion (8 damage)
             ... on level 4 of the Dungeon.
             The game lasted 00:06:27 (4720 turns).

Alarkh the Bolt Thrower (Mummy Hunter)              Turns: 4720, Time: 00:06:28

Health: -3/50      AC:  6    Str: 15    XL:     7   Next: 59%
Magic:  7/7        EV: 11    Int: 12    God:
Gold:   203        SH:  0    Dex: 13    Spells: 0 memorised, 6 levels left

rFire  x . .     SeeInvis +     b - +2 hand axe (elec)
rCold  + . .     Gourm    .     n - +1 ring mail {rPois}
rNeg   + + +     Faith    .     (no shield)
rPois  ∞         Spirit   .     (no helmet)
rElec  .         Dismiss  .     (no cloak)
rCorr  .         Reflect  .     (no gloves)
SustAt .         Harm     .     (no boots)
MR     .....                    (no amulet)
Stlth  +.........               (no ring)
                                l - ring of see invisible

@: not resistant to hostile enchantments, very unstealthy
A: no food or potions, fire vulnerability, cold resistance 1, negative energy
resistance 3, torment resistance, unbreathing
a: no special abilities


You were on level 4 of the Dungeon.
You were not hungry.

You visited 1 branch of the dungeon, and saw 5 of its levels.

You collected 203 gold pieces.

Inventory:

Hand Weapons
 a - a +1 hand crossbow
 b - a +2 hand axe of electrocution (weapon)
 o - a +0 short sword
Missiles
 d - 15 bolts
Armour
 c - a +0 leather armour
 n - a +1 ring mail of poison resistance (worn)
Jewellery
 l - a ring of see invisible (left hand)
Wands
 j - a wand of teleportation (2/9)
Scrolls
 e - a scroll of identify
 f - 3 scrolls of magic mapping
 g - 3 scrolls of recharging
 h - a scroll of enchant armour {unknown}
 i - a scroll of teleportation
 k - 2 scrolls of remove curse
 m - 2 scrolls of fear {unknown}
 p - a scroll of enchant weapon {unknown}
 q - a scroll of noise {unknown}
 r - a scroll of immolation {unknown}
 s - a scroll of blinking {unknown}


   Skills:
 - Level 2.0 Fighting
 + Level 7.9 Crossbows
 - Level 1.5 Dodging
 - Level 0.7 Stealth


You had 6 spell levels left.
You didn't know any spells.

Dungeon Overview and Level Annotations

Branches:
Dungeon (5/15)
 Temple: D:4-7

Altars:
Cheibriados
Kikubaaqudgha
Pakellas
Ru

Annotations:
D:5 tyranidshit's ghost, novice DsAK


Innate Abilities, Weirdness & Mutations

You do not eat or drink.
Your flesh is vulnerable to fire.
You are immune to poison.
Your flesh is cold resistant.
You are immune to negative energy.
You are immune to unholy pain and torment.
You can survive without breathing.


Message History

The hound bites you.
* * * LOW HITPOINT WARNING * * *
You hit the hound.
The hound is lightly wounded.
The hound completely misses you. The hound bites you.
* * * LOW HITPOINT WARNING * * *
You hit the hound.
The hound is moderately wounded.
You barely miss the scorpion. The hound closely misses you.
The scorpion stings you but does no damage.
You hit the hound.
There is a sudden explosion of sparks!
The hound is almost dead.
You closely miss the scorpion. The hound closely misses you.
The hound bites you but does no damage. The scorpion closely misses you.
You closely miss the hound.
The hound is almost dead.
You barely miss the scorpion. The hound misses you. The scorpion stings you.
* * * LOW HITPOINT WARNING * * *
The hound barely misses you. The scorpion stings you!
You die...

#......................####...
####.....................## #...
...#.........#..........## ###..#
.#..<..............#########.....
.##..###.##.#[.....######........
..##.# #.##..>.....#...##......%.
#.##.###.####......##............
#.##...#.# #......#..!..###.....
#..###.#.# ##.#@s...#...# #.....
##.# #.#.# #[#.h..##.#.# #.....
#.###...# ##.........#.# #...^.
#..###..# ##..........#.#####.#.
##.###..###..#...........# #.##
#..###................#.# #.#
##.##..###..#.........#.####.#
####.##.##..................##.#
...#....##..............##.....##


You could see a scorpion and a hound.

Vanquished Creatures
  An ogre (D:5)
  Blork the orc (D:5)
  A gnoll sergeant (D:5)
  2 scorpions
  2 hounds (D:4)
  2 orc wizards (D:5)
  2 worker ants
  A hound skeleton (D:4)
  13 gnolls
  A howler monkey skeleton (D:4)
  8 adders
  A worm (D:3)
  4 dart slugs
  6 giant geckos
  15 orcs
  6 bats
  5 giant cockroaches
  2 goblins
  7 hobgoblins
  9 jackals
  5 kobolds
  A quokka (D:5)
  7 giant newts
  A quokka skeleton (D:4)
  2 rats (D:1)
105 creatures vanquished.

Notes
Turn   | Place    | Note
--------------------------------------------------------------
     0 | D:1      | Alarkh the Mummy Hunter began the quest for the Orb.
     0 | D:1      | Reached XP level 1. HP: 16/16 MP: 1/1
    78 | D:1      | Reached XP level 2. HP: 22/22 MP: 2/2
   322 | D:1      | Reached skill level 4 in Crossbows
   343 | D:1      | Reached XP level 3. HP: 27/27 MP: 3/3
   953 | D:2      | Found an oddly glowing altar of Pakellas.
  1038 | D:2      | Reached XP level 4. HP: 23/33 MP: 4/4
  1357 | D:2      | Found a faded altar to an unknown god.
  1382 | D:2      | Became a worshipper of Ru the Awakened
  1382 | D:2      | Fell from the grace of Ru
  1465 | D:2      | Reached skill level 5 in Crossbows
  1857 | D:3      | Reached XP level 5. HP: 38/38 MP: 5/5
  2089 | D:3      | Found a snail-covered altar of Cheibriados.
  2427 | D:3      | Found an ancient bone altar of Kikubaaqudgha.
  2561 | D:4      | Reached skill level 6 in Crossbows
  2561 | D:4      | Reached XP level 6. HP: 36/44 MP: 6/6
  2896 | D:5      | Entered Level 5 of the Dungeon
  3118 | D:5      | Reached skill level 7 in Crossbows
  3118 | D:5      | Reached XP level 7. HP: 42/50 MP: 7/7
  3216 | D:5      | HP: 2/50 [gnoll/spear (4)]
  4010 | D:5      | Noticed tyranidshit's ghost (novice DsAK)
  4496 | D:5      | Noticed Blork the orc
  4684 | D:5      | Killed Blork the orc
  4720 | D:4      | Slain by a scorpion

Skill      XL: |  1  2  3  4  5  6 |
---------------+-------------------+-----
Crossbows      | 4 5 6 7 |  7.9
Fighting       | |  2.0
Dodging        | |  1.5
Stealth        | |  0.7

Action                   |  1- 3 |  4- 6 |  7- 9 || total
-------------------------+-------+-------+-------++-------
Melee: Short sword       |     6 |    48 |       ||    54
       Hand axe          |       |    54 |    86 ||   140
 Fire: Hand crossbow     |    65 |    49 |     4 ||   118
Invok: Renounce Religion |       |     1 |       ||     1
  Use: Scroll            |     1 |     3 |     1 ||     5
Armor: Leather armour    |     8 |    19 |       ||    27
       Ring mail         |       |    24 |    31 ||    55
Dodge: Dodged            |    18 |    83 |    54 ||   155
